 Dungeon Crawl Stone Soup version 0.30.0-30-g96aa6591b8 (webtiles) character file.

Game seed: 12821323692737106296

56 cheesebisquit the Magician (level 4, -4/33 HPs)
             Began as a Djinni Necromancer on June 26, 2023.
             Slain by a goblin
             ... wielding a +0 club
             ... led by Robin
              (5 damage)
             ... on level 2 of the Dungeon.
             The game lasted 00:03:08 (1276 turns).

cheesebisquit the Magician (Djinni Necromancer)     Turns: 1276, Time: 00:03:08

Health: -4/33      AC:  2    Str:  7    XL:     4   Next: 17%
Gold:   11         EV: 12    Int: 18    God:
                   SH:  0    Dex: 14

rFire   + + .        (no weapon)
rCold   x . .        (no shield)
rNeg    . . .        a - +0 robe
rPois   ∞            (no helmet)
rElec   .            (no cloak)
rCorr   .            (no gloves)
SInv    .            (boots unavailable)
Will    .....        (no amulet)
Stlth   ++           (no ring)
HPRegen 0.25/turn    (no ring)
MPRegen 0.00/turn

%: infuse magic (-5 HP)
@: animating dead, flying
A: sickness immunity, fire resistance 2, cold vulnerability 1, float, innate
caster, HP casting, extra vitality 1
a: no special abilities


You were on level 2 of the Dungeon.
You visited 1 branch of the dungeon, and saw 2 of its levels.

You collected 11 gold pieces.

Inventory:

Armour
 a - a +0 robe (worn)
Jewellery
 d - a ring of fire
Scrolls
 b - 4 scrolls of teleportation {unknown}
 c - a scroll of enchant weapon {unknown}
 f - a scroll of amnesia {unknown}
 g - a scroll of noise {unknown}
 h - 2 scrolls of silence {unknown}
Potions
 e - a potion of lignification {unknown}
 i - a potion of curing {unknown}


   Skills:
 + Level 2.2 Fighting
 - Level 2.1 Dodging
 - Level 1.5 Stealth
 + Level 3.8 Spellcasting


You knew the following spells:

 Your Spells              Type           Power      Damage    Failure   Level
a - Necrotise             Necr           68%        1d7       3%          1
b - Vampiric Draining     Necr           17%        2d7       10%         3
c - Animate Dead          Necr           17%        N/A       30%         4
d - Agony                 Necr           17%        N/A       65%         5
e - Slow                  Hex            68%        N/A       3%          1
Your spell library was empty.

Dungeon Overview and Level Annotations

Branches:
Dungeon (2/15)

Altars:

Annotations:
D:2 Robin


Innate Abilities, Weirdness & Mutations

You are immune to sickness and miasma.
You are immune to poison.
Your flesh is very heat resistant. (rF++)
You are vulnerable to cold. (rC-)
You float through the air rather than walking.
You learn spells naturally, not from books.
Your magical power is your life essence.
You have superior vitality. (+4 MHP)


Message History

Aiming: Necrotise (safe; 3% risk of failure)
Press: ? - help, Q - select action, (/) - cycle Shift-Dir - straight line, f/p - goblin
Aim: a goblin, wielding a +0 club (moderately wounded, strong, ally target, chance to affect: 87%)
The goblin writhes in agony.
* * * LOW HITPOINT WARNING * * *
The goblin hits something with a +0 club.
The goblin closely misses you.
You swap places.
Your goblin skeleton closely misses the goblin.
Your goblin zombie closely misses the goblin.
Robin throws the goblin at you!
The goblin barely misses your goblin zombie.
Things that are here:
a +0 dagger; a goblin corpse
Aiming: Necrotise (safe; 3% risk of failure)
Press: ? - help, Q - select action, (/) - cycle Shift-Dir - straight line, f - goblin, p - goblin
Aim: a goblin, wielding a +0 club (strong, chance to affect: 87%)
The goblin writhes in agony.
You kill the goblin!
* * * LOW HITPOINT WARNING * * *
The dead are walking!
Your goblin zombie hits the goblin.
Your goblin skeleton hits the goblin.
The goblin dies!
Robin hits something with a +0 spear!
Your goblin zombie closely misses the goblin.
Your goblin skeleton closely misses the goblin.
Robin throws the goblin at you!
* * * LOW HITPOINT WARNING * * *
The goblin barely misses you.
Aiming: Necrotise (safe; 3% risk of failure)
Press: ? - help, Q - select action, (/) - cycle Shift-Dir - straight line, f - goblin
Aim: a goblin, wielding a +0 club (strong, ally target, chance to affect: 87%)
The goblin barely resists.
* * * LOW HITPOINT WARNING * * *
The goblin closely misses you.
Robin hits your goblin zombie with a +0 spear.
A hobgoblin comes into view.
You don't have enough health to cast this spell.
The goblin attacks as you move away! The goblin hits you with a +0 club.
You die...

#...# #⌠_.......#....
# #. #..............
#.
#.##...######.##...
#.###.#...##.#
#.##... ...#....##..#
#.##...
#.....##...####.##...
#<..##..............
#..)g......#.#.##...
#ZZ@Z...............
#Z.Z.......#######..
#Z######..#.....##..


.gg #..#.....#.#.. #.##g #.#######..#.. #. ## #..#B....#..#.. # ...#...?.#..#.#
..#.....#..#.# You could see Robin (ally target), a hobgoblin (strong), a goblin
(strong, ally target), 3 friendly goblin zombies, a friendly frilled lizard
skeleton and 2 friendly goblin skeletons.

Vanquished Creatures
  An adder (D:2)
  2 worms (D:2)
  3 ball pythons (D:1)
  5 bats (D:1)
  An endoplasm (D:1)
  3 giant cockroaches (D:1)
  9 goblins
  A hobgoblin (D:1)
  3 quokkas (D:1)
  5 frilled lizards
33 creatures vanquished.

Vanquished Creatures (collateral kills)
  3 goblins (D:2)
3 creatures vanquished.

Vanquished Creatures (others)
  A goblin zombie (D:2)
1 creature vanquished.

Grand Total: 37 creatures vanquished

Notes
Turn   | Place    | Note
-------+----------+-------------------------------------------
     0 | D:1      | cheesebisquit the Djinni Necromancer began the quest for
                  | the Orb.
     0 | D:1      | cheesebisquit set off with the following spells memorised:
                  | Necrotise, Vampiric Draining, Animate Dead, Agony.
     0 | D:1      | Reached XP level 1. HP: 15/15 MP: 0/0
   148 | D:1      | Reached skill level 1 in Fighting
   148 | D:1      | Reached XP level 2. HP: 18/22 MP: 0/0
   517 | D:1      | Reached XP level 3. HP: 21/27 MP: 0/0
   517 | D:1      | Learned a level 1 spell: Slow
  1202 | D:2      | Found a faded altar of an unknown god.
  1257 | D:2      | Noticed Robin
  1260 | D:2      | Reached XP level 4. HP: 24/33 MP: 0/0
  1276 | D:2      | Slain by a goblin

Illustrated notes

Levels and vault maps discovered:
D:1:      nzn_arrival_crosshair, layout_loops_ring, minmay_tripent
D:2:      layout_basic, hellmonk_ecumenical_altar_crossroads,
          grunt_decor_mini_mirrors, chequers_mini_garden, minmay_3d_cube,
          uniq_robin

Skill      XL: |  1  2  3 |
---------------+----------+-----
Fighting       | 1 2 |  2.2
Dodging        | |  2.1
Stealth        | |  1.5
Spellcasting   | |  3.8

Action                     |  1- 3 |  4- 6 || total
---------------------------+-------+-------++-------
   Cast: Necrotise         |    63 |     9 ||    72
         Animate Dead      |       |     1 ||     1
 Armour: Robe              |     2 |       ||     2
  Dodge: Dodged            |    11 |     9 ||    20
